 Dungeon Crawl Stone Soup version 0.28-a0-1152-g9c71ebef14 (webtiles) character file.

Game seed: 18145176650952337789

3 spaghetti the Sneak (level 1, -2/16 HPs)
             Began as an Octopode Delver on Dec 14, 2021.
             Slain by a bullfrog skeleton (4 damage)
             ... on level 4 of the Dungeon.
             The game lasted 00:00:15 (48 turns).

spaghetti the Sneak (Octopode Delver)                 Turns: 48, Time: 00:00:15

Health: -2/16      AC:  1    Str: 11    XL:     1   Next: 50%
Magic:  1/1        EV: 13    Int: 12    God:
Gold:   7          SH:  0    Dex: 13    Spells: 0/0 levels left

rFire   . . .      SeeInvis .   a - +0 mace {mace}
rCold   . . .      Faith    .   (no shield)
rNeg    . . .      Spirit   .   (helmet restricted)
rPois   .          Reflect  .   (no amulet)
rElec   .          Harm     .   (no ring)
rCorr   .          Rampage  .   (no ring)
Will    .....                   (no ring)
Stlth   ++++......              (no ring)
HPRegen 0.05/turn               (no ring)
MPRegen 0.07/turn               (no ring)
                                (no ring)
                                (no ring)

@: no status effects
A: almost no armour, amphibious, 8 rings, camouflage 1, gelatinous body 1,
(nimble swimmer 1), tentacles
a: no special abilities


You were on level 4 of the Dungeon.
You visited 1 branch of the dungeon, and saw 2 of its levels.

You collected 7 gold pieces.


Innate Abilities, Weirdness & Mutations

You cannot wear most types of armour.
You are amphibious.
You can wear up to eight rings at the same time.
Your skin changes colour to match your surroundings (Stealth+).
Your rubbery body absorbs attacks. (AC +1, EV +1)
((You are camouflaged near water. (Stealth+)))
You have tentacles for arms and can constrict up to eight enemies at once.


   Skills:
 + Level 3.2 Fighting
 - Level 2.0 Maces & Flails
 - Level 2.0 Dodging
 - Level 6.6 Stealth


You couldn't memorise any spells.
You didn't know any spells.
Your spell library was empty.

Inventory:

Hand Weapons
 a - a +0 mace (weapon) {mace}
Missiles
 g - 13 stones (quivered) {throwing}
Wands
 f - a wand of digging (3)
Scrolls
 b - a scroll of fog
 c - a scroll of magic mapping {!r}
 d - a scroll of fear
Potions
 e - a potion of haste {@q3}

Dungeon Overview and Level Annotations

Branches:
Dungeon (5/15)
 Temple: D:4-7

Altars:

..#
#..########
#..#......###
#..........##
#>..........
#)..........
##..........
#...Z......
##.@.......
#.........
##........
#....<...
##.......
.......
#......
.....#


You could see a bullfrog skeleton.


Message History

🤖 Initializing magus.rc ...
Options error: Delay interrupt name "hungry" not recognised. (~/.crawlrc:4771) ✅ Successfully initialized magus.rc [v1.9.6] Welcome, spaghetti the Octopode Delver.
They say the Orb of Zot lies within this dungeon, but they say a lot of things.
Press ? for a list of commands and other information.
Found 13 stones.
Found a stone staircase leading down.
Found an escape hatch in the floor.
Found a stone staircase leading down.
Found an escape hatch in the ceiling.
g - 13 stones {throwing} A gnoll comes into view.
It is wielding a +0 spear.
You see here 7 gold pieces.
You now have 7 gold pieces.
Found a stone staircase leading up.
(D) Dungeon
Where to? (? - help)
There is a fountain of clear blue water here.
Found a stone staircase leading up.
There is a stone staircase leading up here.
You climb upwards.
Found a stone staircase leading up.
There is a stone staircase leading down here.
There are monsters nearby!
Unknown command.
There are monsters nearby!
The helpless orc fails to defend itself.
You hit the orc but do no damage. Your grab misses the orc.
Your squeeze misses the orc. The orc misses you.
You barely miss the orc. Your grab misses the orc. Your squeeze misses the orc.
The orc barely misses you.
You closely miss the orc. You grab the orc.
You constrict the orc, but do no damage.
The orc closely misses you.
You hit the orc but do no damage. You constrict the orc.
The orc hits you with a +0 whip. The orc misses you. 😕 HP[-3]
You take 3 damage, and now have 13/16 hp.
You hit the orc. You squeeze the orc.
You kill the orc!
Items here: ( ) [ †.
A bullfrog skeleton is nearby!
A ball python comes into view.
The ball python hisses angrily.
The bullfrog skeleton closely misses you.
You hit the ball python. You grab the ball python.
You constrict the ball python. The bullfrog skeleton hits you.
The ball python barely misses you. x2
The bullfrog skeleton closely misses you. 😮 HP[-2]
You take 2 damage, and now have 11/16 hp.
You hit the bullfrog skeleton. You grab the bullfrog skeleton.
You constrict the bullfrog skeleton. You constrict the ball python.
You kill the ball python!
The bullfrog skeleton hits you. x2 😮 HP[-2]
You take 2 damage, and now have 9/16 hp.
You hit the bullfrog skeleton. You constrict the bullfrog skeleton.
The bullfrog skeleton hits you!
* * * LOW HITPOINT WARNING * * *
😱 HP[-7]
You take 7 damage, and now have 2/16 hp.
MASSIVE DAMAGE!! (PAUSE)
Okay, then.
Okay, then.
You hit the bullfrog skeleton. You constrict the bullfrog skeleton.
The bullfrog skeleton hits you.
You die...

Action                   || total
-------------------------++-------
Melee: Mace              ||     9
       Constrict         ||     3
       Tentacles         ||     1
 Stab: Sleeping          ||     1
Dodge: Dodged            ||     8

Levels and vault maps discovered:
D:4:      layout_cave_pods, grunt_decor_resistance
D:5:      layout_basic, mainiacjoe_overflow_catwalk_spiral, zin_statuary,
          chequers_temple_overflow_statue_of_worship,
          mainiacjoe_overflow_six_doors_small, nicolae_elevator_lobby_plus

Notes
Turn   | Place    | Note
-------+----------+-------------------------------------------
     0 | D:5      | spaghetti the Octopode Delver began the quest for the Orb.
     0 | D:5      | Reached XP level 1. HP: 16/16 MP: 1/1
     0 | D:5      | magus.rc [v1.9.6]
    47 | D:4      | HP: 2/16 [bullfrog skeleton (7)]
    48 | D:4      | Slain by a bullfrog skeleton

Vanquished Creatures
  An orc (D:4)
  A ball python (D:4)
2 creatures vanquished.

Table legend:
 A = Non-vault XP
 B = Vault XP
 C = Vault XP percentage of total XP
 D = Non-vault monster count
 E = Vault monster count
 F = Vault count percentage of total count
                 A         B        C        D         E       F
            +---------+---------+-------+---------+---------+-------
      Total |       5 |       0 |   0.0 |       2 |       0 |   0.0
            +---------+---------+-------+---------+---------+-------
        D:4 |       5 |       0 |   0.0 |       2 |       0 |   0.0
            +---------+---------+-------+---------+---------+-------

Illustrated notes

Table legend:
 A = Kills in this place as a percentage of kills in entire the game.
 B = Kills by you in this place as a percentage of kills by you in the entire game.
 C = Kills by friends in this place as a percentage of kills by friends in the entire game.
 D = Other kills in this place as a percentage of other kills in the entire game.
 E = Experience gained in this place as a percentage of experience gained in the entire game.
 F = Experience gained in this place divided by the number of levels of this place that you have seen.
                   A       B       C       D       E      F
               +-------+-------+-------+-------+-------+----------------------
         Total | 100.0 | 100.0 |   N/A |   N/A | 100.0 |   2.5
       Dungeon | 100.0 | 100.0 |   N/A |   N/A | 100.0 |   2.5
               +-------+-------+-------+-------+-------+----------------------

Table legend: (Time is in decaauts)
 A = Elapsed time spent in this place.
 B = Non-inter-level travel time spent in this place.
 C = Inter-level travel time spent in this place.
 D = Time resting spent in this place.
 E = Time spent auto-exploring this place.
 F = Levels seen in this place.
 G = Mean time per level.
                   A        B        C        D        E       F      G
               +--------+--------+--------+--------+--------+-----+--------+
         Total |     50 |     40 |     10 |      0 |     10 |   2 |   25.0 |
       Dungeon |     50 |     40 |     10 |      0 |     10 |   2 |   25.0 |
               +--------+--------+--------+--------+--------+-----+--------+

Top non-repeatable levels by time:
     D:5: 35 daAuts
     D:4: 15 daAuts
